 Dungeon Crawl Stone Soup version 0.24-a0-479-g9a978d2894 (webtiles) character file.

Game seed: 15806625806492476613

518340 mortelune the Slayer (level 24, -1/243 HPs)
             Began as a Minotaur Fighter on July 7, 2019.
             Was the Champion of Zin.
             Slain by a starcursed mass (4 damage)
             ... while paralysed by accursed screaming
             ... on level 3 of the Abyss on July 8, 2019.
             The game lasted 04:14:08 (72380 turns).

mortelune the Slayer (Minotaur Fighter)            Turns: 72380, Time: 04:14:08

Health: -1/243     AC: 37    Str: 31    XL:     24   Next: 56%
Magic:  38/42      EV:  2    Int: 10    God:    Zin [******]
Gold:   2440       SH:  0    Dex: 29    Spells: 16/23 levels left

rFire    + + +     SeeInvis +   b - +3 Elemental Staff {rElec rF++ rC++ MR++ AC+5}
rCold    + + +     Gourm    .   v - +2 shield {rF+}
rNeg     . . .     Faith    .   Q - +5 ice dragon scales of the Beekeeper {rF- rC++ rCorr Str-4 Slay+2 SInv}
rPois    ∞         Spirit   .   q - +1 hat of Tazxem {rCorr Dex+4 Stlth+}
rElec    +         Reflect  .   p - +2 cloak
rCorr    +         Harm     .   n - +0 pair of gloves of Zin's Favour {rCorr Int-2 Slay+3}
MR       +++..                  t - +2 pair of boots {run}
Stlth    ++........             I - amulet of Soeppiafoc {+Rage rF+ Dex+6}
HPRegen  0.50/turn              l - ring "Ninafiu" {Ice MP+9 Dex+3 Slay+2}
MPRegen  0.28/turn              W - ring of Kisefyre {Wiz Slay+4}

@: paralysed, vitalised, resistant, quick
A: retaliatory headbutt, horns 2
}: 2/15 runes: decaying, gossamer
a: Recite, Vitalisation, Imprison, Sanctuary, Donate Gold, Renounce Religion,
Evoke Berserk Rage


You were on level 3 of the Abyss.
You worshipped Zin.
Zin was exalted by your worship.
You were not hungry.

You visited 9 branches of the dungeon, and saw 44 of its levels.
You visited the Abyss 2 times.
You also visited: Sewer and Ice Cave.

You collected 5602 gold pieces.
You spent 2694 gold pieces at shops.
You donated 468 gold pieces to Zin.

Inventory:

Hand Weapons
 a - a +0 hand crossbow
 b - the +3 Elemental Staff (weapon) {rElec rF++ rC++ MR++ AC+5}
   (You found it on level 3 of the Depths)

   It affects your AC (+5).
   It greatly protects you from fire.
   It greatly protects you from cold.
   It insulates you from electricity.
   It affects your resistance to hostile enchantments.
 M - the +10 scimitar "Voix" {slice, +Rage rF+ Int+3}
   (You found it on level 5 of the Lair of Beasts)

   It inflicts extra damage upon your enemies.
   It affects your intelligence (+3).
   It protects you from fire.
   It lets you go berserk.
Missiles
 T - 1364 bolts
Armour
 n - the +0 pair of gloves of Zin's Favour (worn) {rCorr Int-2 Slay+3}
   (You found it on level 9 of the Dungeon)

   It affects your intelligence (-2).
   It affects your accuracy and damage with ranged weapons and melee attacks
   (+3).
   It provides partial protection from all sources of acid and corrosion.
 o - the +5 plate armour "Oneed" {rN+ MR+ Regen+}
   (You found it on level 3 of the Swamp)

   It protects you from negative energy.
   It affects your resistance to hostile enchantments.
   It increases your rate of regeneration.
 p - a +2 cloak (worn)
 q - the +1 hat of Tazxem (worn) {rCorr Dex+4 Stlth+}
   (You acquired it on level 4 of the Vaults)

   It affects your dexterity (+4).
   It provides partial protection from all sources of acid and corrosion.
   It makes you more stealthy.
 s - a scarf of cloud immunity
 t - a +2 pair of boots of running (worn)
 v - a +2 shield of fire resistance (worn)
 Q - the +5 ice dragon scales of the Beekeeper (worn) {rF- rC++ rCorr Str-4 Slay+2 SInv}
   (You found it in an ice cave)

   It affects your strength (-4).
   It affects your accuracy and damage with ranged weapons and melee attacks
   (+2).
   It makes you vulnerable to fire.
   It greatly protects you from cold.
   It lets you see invisible.
   It provides partial protection from all sources of acid and corrosion.
Jewellery
 c - an uncursed ring of positive energy
 h - the ring "Xes Ucim" {+Fly rPois Str+3}
   (You found it on level 3 of the Swamp)

   [ring of flight]

   It affects your strength (+3).
   It protects you from poison.
   It lets you fly.
 l - the ring "Ninafiu" (left hand) {Ice MP+9 Dex+3 Slay+2}
   (You found it on level 14 of the Dungeon)

   [ring of ice]

   It enhances your ice magic.
   It affects your dexterity (+3).
   It affects your accuracy and damage with ranged weapons and melee attacks
   (+2).
   It makes you vulnerable to fire.
   It protects you from cold.
   It affects your magic capacity (+9).
 r - a +2 amulet of reflection
 I - the amulet of Soeppiafoc (around neck) {+Rage rF+ Dex+6}
   (You found it in an ice cave)

   [amulet of rage]

   It affects your dexterity (+6).
   It protects you from fire.
   It lets you go berserk.
 N - the ring "Tiblos" {rF+ Int+5}
   (You found it on level 3 of the Swamp)

   [ring of protection from fire]

   It affects your intelligence (+5).
   It protects you from fire.
 W - the ring of Kisefyre (right hand) {Wiz Slay+4}
   (You found it on level 14 of the Dungeon)

   [ring of wizardry]

   It improves your spell success rate.
   It affects your accuracy and damage with ranged weapons and melee attacks
   (+4).
Wands
 e - a wand of acid (12)
 m - a wand of digging (17)
 y - a wand of flame (88)
 E - a wand of paralysis (24)
 F - a wand of iceblast (50)
 U - a wand of enslavement (7)
Scrolls
 g - 15 scrolls of remove curse
 j - 14 scrolls of teleportation
 k - 10 scrolls of fog
 B - 5 scrolls of enchant weapon
 D - 6 scrolls of fear
 G - 2 scrolls of silence
 H - 19 scrolls of identify
 K - 19 scrolls of immolation
 L - 7 scrolls of enchant armour
 R - 5 scrolls of blinking
 Y - 14 scrolls of magic mapping
Potions
 d - 7 potions of might
 i - 20 potions of curing
 u - 4 potions of agility
 w - 2 potions of flight
 x - 2 potions of mutation
 z - 3 potions of resistance
 J - 3 potions of heal wounds
 O - 6 potions of invisibility
 P - 6 potions of cancellation
 S - 3 potions of berserk rage
 V - a potion of magic
 Z - 2 potions of haste
Miscellaneous
 X - a fan of gales
Comestibles
 f - 39 rations


   Skills:
 * Level 25.3 Fighting
 - Level 14.0 Long Blades
 * Level 11.8 Staves
 - Level 10.0 Crossbows
 + Level 19.6 Armour
 - Level 13.3 Dodging
 - Level 18.3 Shields
 + Level 8.9 Translocations
 - Level 15.1 Invocations
 * Level 13.8 Evocations


You had 16 spell levels left.
You knew the following spells:

 Your Spells              Type           Power        Failure   Level  Hunger
a - Blink                 Tloc           N/A          1%          2    ###....
b - Passage of Golubria   Tloc           N/A          6%          4    #####..
c - Apportation           Tloc           ###...       1%          1    ##.....

Your spell library contained the following spells:

 Spells                   Type           Power        Failure   Level  Hunger
 Gell's Gravitas          Tloc           ###.......   1%          3    ####...
 Lesser Beckoning         Tloc           ###.......   1%          3    ####...
 Teleport Other           Tloc           ###.....     1%          3    ####...
 Shroud of Golubria       Chrm/Tloc      #.....       6%          2    ###....
 Portal Projectile        Hex/Tloc       #.....       12%         3    ####...
 Recall                   Summ/Tloc      N/A          12%         3    ####...
 Beastly Appendage        Tmut           #.....       26%         1    ##.....
 Confusing Touch          Hex            #.....       26%         1    ##.....
 Corona                   Hex            #......      26%         1    ##.....
 Flame Tongue             Conj/Fire      #....        26%         1    ##.....
 Pain                     Necr           #...         26%         1    ##.....
 Shock                    Conj/Air       #...         26%         1    ##.....
 Summon Small Mammal      Summ           #...         26%         1    ##.....
 Call Imp                 Summ           #.......     34%         2    ###....
 Poisonous Vapours        Pois/Air       #.....       34%         2    ###....
 Slow                     Hex            #.......     34%         2    ###....
 Sticks to Snakes         Tmut           #.......     34%         2    ###....
 Sublimation of Blood     Necr           #.........   34%         2    ###....
 Swiftness                Chrm/Air       #.......     34%         2    ###....
 Call Canine Familiar     Summ           #.......     56%         3    ####...
 Confuse                  Hex            #.......     56%         3    ####...
 Conjure Flame            Conj/Fire      #.......     56%         3    ####...
 Ignite Poison            Fire/Tmut/Pois #.......     56%         3    ####...
 Inner Flame              Hex/Fire       #.......     56%         3    ####...
 Spider Form              Tmut/Pois      #.........   56%         3    ####...
 Static Discharge         Conj/Air       #.......     56%         3    ####...
 Summon Guardian Golem    Hex/Summ       #.......     56%         3    ####...
 Airstrike                Air            #.........   91%         4    #####..
 Animate Dead             Necr           N/A          91%         4    #####..
 Cause Fear               Hex            #.........   91%         4    #####..
 Ice Form                 Ice/Tmut       #.......     91%         4    #####..
 Leda's Liquefaction      Hex/Erth       #.........   91%         4    #####..
 Petrify                  Tmut/Erth      #.......     91%         4    #####..
 Summon Ice Beast         Ice/Summ       #.......     91%         4    #####..
 Summon Lightning Spire   Summ/Air       #.......     91%         4    #####..
 Throw Icicle             Conj/Ice       #.......     91%         4    #####..
 Agony                    Necr           #.......     99%         5    ######.
 Alistair's Intoxication  Tmut/Pois      #.......     99%         5    ######.
 Blade Hands              Tmut           #.........   99%         5    ######.
 Bolt of Magma            Conj/Fire/Erth #.........   99%         5    ######.
 Borgnjor's Vile Clutch   Necr/Erth      #.........   99%         5    ######.
 Irradiate                Conj/Tmut      #.........   99%         5    ######.
 Lightning Bolt           Conj/Air       #.........   99%         5    ######.
 Metabolic Englaciation   Hex/Ice        #.........   99%         5    ######.
 Yara's Violent Unravell  Hex/Tmut       #.........   99%         5    ######.
 Bolt of Cold             Conj/Ice       #.........   100%        6    #######
 Conjure Ball Lightning   Conj/Air       #.........   100%        6    #######
 Death Channel            Necr           #.........   100%        6    #######
 Freezing Cloud           Conj/Ice/Air   #.........   100%        6    #######
 Hydra Form               Tmut           #.........   100%        6    #######
 Ozocubu's Refrigeration  Ice            #.........   100%        6    #######
 Simulacrum               Ice/Necr       #.........   100%        6    #######
 Statue Form              Tmut/Erth      #........    100%        6    #######
 Dragon Form              Tmut           #.........   100%        7    #######
 Ring of Flames           Chrm/Fire      #.........   100%        7    #######


Dungeon Overview and Level Annotations

Branches:
Dungeon (15/15)            Temple (1/1) D:5            Lair (6/6) D:8
  Swamp (4/4) Lair:3       Spider (4/4) Lair:3        Slime (0/5) Lair:6
    Orc (2/2) D:10            Elf (3/3) Orc:2        Vaults (4/5) D:13
  Crypt (0/3) Vaults:3     Depths (5/5) D:15            Zot (0/5) Depths:5

Altars:
Ashenzari
Cheibriados
Dithmenos
Elyvilon
Fedhas
Gozag
Hepliaklqana
Kikubaaqudgha
Makhleb
Nemelex Xobeh
Okawaru
Qazlal
Ru
Sif Muna
Trog
Uskayaw
Vehumet
Wu Jian
Xom
Yredelemnul
Zin
The Shining One
Beogh
Jiyva

Shops:
D:4 }[*![   D:5 [   D:7 }   D:9 *   D:11 :   Orc:2 [[**   Elf:1 :   Elf:3 !
Vaults:4 (   Depths:4 *   Depths:5 =}=

Portals:
Hell: Depths:1 Depths:2 Depths:3 Depths:4 Depths:5
Abyss: Depths:2 Depths:4 Depths:5
Pandemonium: Depths:1 Depths:3 Depths:4
Ziggurat: Depths:2
Trove: Vaults:1 (give 14 scrolls of teleportation)

Annotations:
D:3 Grinder
D:7 1 runed translucent door
Lair:5 exclusion: 4 oklob plants
Lair:6 1 runed translucent door, ohad's ghost, journeyman GnIE


Innate Abilities, Weirdness & Mutations

You reflexively headbutt those who attack you in melee.
You have a pair of horns on your head.


Message History

* * * LOW HITPOINT WARNING * * *
You hold your ground!
The dire elephant trunk-slaps you but does no damage.
The starcursed mass engulfs you but does no damage.
The green draconian shifter casts a spell.
A starspawn tentacle comes into view.
The hellephant tramples you!
* * * LOW HITPOINT WARNING * * *
You hold your ground!
The hellephant bites you but does no damage.
The hellephant gores you.
* * * LOW HITPOINT WARNING * * *
A starcursed mass splits.
A cacophony of accursed wailing tears at your sanity!
* * * LOW HITPOINT WARNING * * *
The dire elephant tramples you but does no damage.
The dire elephant trunk-slaps you but does no damage.
The starcursed mass engulfs you but does no damage.
The starcursed mass engulfs you.
You die...

......#...#..
##.#XX#X..#..
##≈.XX§w≈§§≈..
≈..X≈§≈≈≈≈≈≈
#≈..X≈≈≈≈≈≈≈#
§..X≈≈≈§≈≈≈≈##
.§.≈≈≈≈≈.v..≈##
#
§≈≈≈≈..XX..≈##
§§#≈§.§#@#§..≈#
#≈..#YY##† ≈#
#≈..#.q8# .≈# #
..#.§.# .≈#
#≈(8#._v#8.≈#≈
#≈((#...# ( #
#≈..##### .≈#§
. ≈# # §. #§ .#
. #§. .†.(≈≈ §
. .


You could see a hellephant (dazed), 9 starcursed masses, a dire elephant, a
green draconian shifter, a tentacled starspawn, 2 spatial vortices and a
starspawn tentacle.

Vanquished Creatures
  Mara (Swamp:3)
  2 ancient liches
  A juggernaut (Depths:3)
  Boris (twice) (Vaults:4 Depths:4)
  Bai Suzhen (Spider:4)
  The ghost of Waros the Metallomancer, a veteran GrEE of Ashenzari (Vaults:4)
  Frederick (Vaults:4)
  Arachne (Spider:3)
  Jorgrun (Swamp:2)
  4 tentacled monstrosities
  A hellephant (Abyss:3)
  An Ice Fiend (IceCv)
  4 liches
  Asterion (Depths:1)
  3 deep elf blademasters (Elf:3)
  2 quicksilver dragons (Depths:4)
  2 sphinxes
  Agnes (Spider:4)
  2 tentacled starspawn (Abyss:3)
  A thorn hunter (Swamp:1)
  Frances (Swamp:2)
  Gastronok (D:8)
  4 storm dragons
  7 fire giants
  A tengu reaver (Depths:3)
  Donald (Swamp:2)
  Roxanne (Spider:1)
  9 deep elf sorcerers
  6 frost giants
  5 ghost moths (Spider:4)
  Aizul (Swamp:3)
  10 vault wardens
  2 draconian shifters
  A draconian scorcher (Depths:5)
  12 ironheart preservers
  3 iron dragons
  5 emperor scorpions
  A balrug (Depths:2)
  A cacodemon (Abyss:5)
  7 deep elf elementalists
  2 spriggan defenders
  A draconian annihilator (Depths:5)
  4 vampire knights
  8 entropy weavers
  28 very ugly things
  10 stone giants
  3 white draconians (Depths:5)
  5 deep elf demonologists
  6 dire elephants (Abyss:3)
  3 spark wasps
  Azrael (D:15)
  5 deep elf annihilators (Elf:3)
  3 red draconians (Depths:5)
  13 ettins
  9 deep elf death magi
  5 small abominations
  2 green deaths (Swamp:4)
  Josephine (D:14)
  9 fire dragons
  The ghost of toffzen the Destroyer, a journeyman TeAE of Sif Muna (Lair:3)
  2 great orbs of eyes
  A rakshasa (Depths:4)
  2 deep elf high priests (Elf:3)
  10 yaktaur captains
  25 hydras
  An ice dragon (Depths:3)
  2 shambling mangroves (Swamp:1)
  8 vault guards
  4 spriggan air magi
  2 ghost crabs (Swamp:3)
  2 catoblepae
  2 hell beasts
  Erica (Lair:2)
  64 two-headed ogres
  2 death knights
  25 dancing weapons
  3 death yaks (D:7)
  8 deep troll shamans
  9 centaur warriors
  24 ogre magi
  13 alligators
  8 orc high priests (Orc:2)
  3 vampire magi
  5 tengu warriors
  11 deep troll earth magi
  4 spriggan berserkers
  5 large abominations
  A storm dragon zombie (Abyss:3)
  31 deep elf knights
  A hell knight (Vaults:4)
  A soul eater (Depths:1)
  A sixfirhy (Depths:4)
  A fire crab (shapeshifter) (Depths:3)
  Sonja (D:11)
  7 skeletal warriors
  A wretched star (Abyss:3)
  2 sun demons (Depths:2)
  8 iron trolls
  A spatial maelstrom (Abyss:3)
  3 flayed ghosts
  A gelid demonspawn (Depths:4)
  2 shadow wraiths
  26 deep trolls
  5 unseen horrors
  3 spriggan druids
  An entropy weaver zombie (Vaults:2)
  A torturous demonspawn (Depths:4)
  7 swamp dragons
  9 wizards
  A phantasmal warrior (D:12)
  17 ironbrand convokers
  A golden dragon skeleton (Depths:3)
  5 mana vipers (Depths:4)
  3 necromancers
  16 deep elf archers
  The ghost of Protee the Charmwright, a novice GnSk of Cheibriados (D:6)
  29 orc knights
  30 wolf spiders
  2 manticores (D:14)
  21 orb spiders
  A wolf spider zombie (D:14)
  2 moths of wrath (Spider:4)
  36 ugly things
  47 deep elf magi
  4 orc sorcerers
  8 cyclopes
  2 elephants (Abyss:3)
  A sphinx skeleton (Depths:3)
  A tengu skeleton (Depths:3)
  2 salamanders
  An apocalypse crab (Abyss:3)
  17 vault sentinels
  Maurice (D:8)
  A rust devil (Depths:4)
  4 black mambas
  An ice statue (IceCv)
  An eye of devastation (shapeshifter) (Depths:5)
  A torpor snail (shapeshifter) (Vaults:1)
  A smoke demon (Depths:1)
  16 spiny frogs
  6 gargoyles
  2 orange demons (Swamp:4)
  A spiny frog (shapeshifter) (Vaults:1)
  2 rime drakes
  39 yaktaurs
  A rime drake (shapeshifter) (Depths:2)
  A komodo dragon (shapeshifter) (Depths:3)
  9 demonic crawlers
  12 freezing wraiths
  2 kobold demonologists
  3 golden dragon simulacra (IceCv)
  3 anaconda simulacra (IceCv)
  8 komodo dragons
  5 ice devils
  An ancient zyme (Abyss:5)
  5 tengu conjurers
  8 trolls
  A hellwing (Depths:1)
  12 tyrant leeches
  37 jumping spiders
  7 polar bears
  A meliai (shapeshifter) (Depths:4)
  3 meliai (Spider:2)
  4 raiju (Abyss:3)
  11 dream sheep
  9 hippogriffs
  A wolf spider simulacrum (IceCv)
  39 hornets
  34 blink frogs
  43 slime creatures
  7 bog bodies
  A hippogriff (shapeshifter) (Vaults:3)
  2 stone giant simulacra
  8 shadows
  2 dire elephant simulacra (IceCv)
  60 redbacks
  2 vampires (D:14)
  28 spriggans
  12 water elementals
  3 air elementals
  22 tarantellas
  A wyvern (shapeshifter) (Depths:5)
  5 wyverns
  65 yaks
  11 wraiths
  A ynoxinul (Depths:4)
  3 basilisks
  4 fire elementals
  2 hungry ghosts
  A golden eye (shapeshifter) (Elf:3)
  3 steam dragons
  Grum (D:8)
  A chaos spawn (Abyss:2)
  3 harpy simulacra (IceCv)
  31 vampire mosquitoes
  An elf skeleton (Depths:3)
  A swamp worm (shapeshifter) (Depths:2)
  3 spatial vortices (Abyss:3)
  19 swamp worms
  3 soldier ants
  9 wargs
  An iron troll simulacrum (IceCv)
  6 insubstantial wisps
  22 water moccasins
  2 acid dragons
  6 porcupines
  7 swamp drakes
  2 floating eyes (shapeshifter)
  2 hell hounds (D:15)
  2 eyes of draining
  A floating eye (Depths:3)
  2 hydra simulacra (IceCv)
  3 ice beasts
  A hornet zombie (D:10)
  A deep troll skeleton (Vaults:2)
  7 black bears
  4 sky beasts
  5 phantoms
  A swamp dragon zombie (Abyss:2)
  34 wolves
  An ettin simulacrum (IceCv)
  A boggart (shapeshifter) (D:14)
  6 boggarts
  An ogre (shapeshifter) (Depths:2)
  71 orc warriors
  A human skeleton (Vaults:2)
  6 centaurs
  45 ogres
  9 crocodiles
  8 big kobolds
  19 bullfrogs
  A gnoll sergeant (D:12)
  2 wyvern zombies
  2 earth elementals
  A glowing shapeshifter simulacrum (Vaults:2)
  3 wyvern skeletons
  11 scorpions
  A swamp dragon simulacrum (Abyss:2)
  3 killer bees
  13 wights
  4 electric eels
  4 howler monkeys
  12 crimson imps
  4 bullfrog zombies
  A starcursed mass (Abyss:3)
  6 quasits
  4 centaur zombies
  5 draconian simulacra (IceCv)
  4 hounds
  34 orc priests
  3 bullfrog skeletons
  5 centaur skeletons
  4 jellies
  30 orc wizards
  3 iron imps (Depths:1)
  3 iguanas
  Natasha (thrice) (D:2 D:1)
  2 troll simulacra (IceCv)
  15 worker ants
  A polar bear simulacrum (IceCv)
  A spriggan simulacrum (IceCv)
  2 wolf simulacra (IceCv)
  7 centaur simulacra (IceCv)
  2 hound skeletons (D:6)
  2 worker ant zombies
  7 gnolls
  23 adders
  3 naga simulacra (IceCv)
  An ogre simulacrum (IceCv)
  6 shadow imps
  6 white imps
  3 oozes
  9 ufetubi
  3 adder zombies
  An adder skeleton (D:8)
  A worm (D:5)
  2 dart slugs (D:2)
  13 leopard geckos
  121 orcs
  5 ball pythons
  15 giant cockroaches
  8 goblins
  9 hobgoblins
  14 jackals
  6 quokkas
  11 bats
  2 frilled lizards
  21 kobolds
  3 leopard gecko skeletons
  A leopard gecko zombie (D:7)
  4 rats
  2 plants (Lair:1)
  A starspawn tentacle (Abyss:3)
2266 creatures vanquished.

Vanquished Creatures (collateral kills)
  An ironheart preserver (Vaults:2)
1 creature vanquished.

Vanquished Creatures (others)
  A deep elf high priest (Elf:3)
  2 alligators
  A two-headed ogre (Depths:1)
  2 deep elf knights
  A swamp dragon (Swamp:1)
  A deep elf archer (Elf:2)
  2 deep elf magi
  A hornet (Swamp:3)
  A tarantella (Spider:2)
  A wyvern (D:11)
  An insubstantial wisp (Swamp:3)
  2 swamp drakes (Swamp:3)
  3 centaurs
  2 ogres (Depths:1)
  An orc wizard (D:4)
  2 white imps
  4 orcs
  A kobold (Sewer)
  9 fungi
  A lurking horror (Abyss:3)
  A pillar of salt (Abyss:3)
  8 plants
  9 starspawn tentacles
57 creatures vanquished.

Grand Total: 2324 creatures vanquished

Notes
Turn   | Place    | Note
-------+----------+-------------------------------------------
     0 | D:1      | mortelune the Minotaur Fighter began the quest for the Orb.
     0 | D:1      | Reached XP level 1. HP: 19/19 MP: 0/0
   198 | D:1      | Reached XP level 2. HP: 19/27 MP: 1/1
   592 | D:1      | Reached skill level 4 in Fighting
   605 | D:1      | Reached XP level 3. HP: 33/33 MP: 2/2
  1103 | D:2      | Found a glowing silver altar of Zin.
  1129 | D:2      | Found a snail-covered altar of Cheibriados.
  1340 | D:2      | Found a faded altar of an unknown god.
  1365 | D:2      | Noticed Natasha
  1394 | D:1      | Reached XP level 4. HP: 10/40 MP: 3/3
  1675 | D:2      | Killed Natasha
  2182 | D:2      | Noticed Natasha
  2204 | D:2      | Killed Natasha
  2204 | D:2      | Reached XP level 5. HP: 26/47 MP: 4/4
  2206 | D:2      | Noticed Natasha
  2342 | D:1      | Killed Natasha
  2558 | D:3      | Found a shimmering altar of Xom.
  2590 | D:3      | Noticed Grinder
  2605 | D:3      | Paralysed by Grinder for 4 turns
  2790 | D:2      | Became a worshipper of Zin the Law-Giver
  2851 | D:4      | Found Omauttew's Gadget Emporium.
  2861 | D:4      | Reached skill level 5 in Long Blades
  2863 | D:4      | Noticed a centaur
  2865 | D:4      | Noticed a phantom
  2880 | D:4      | Killed a centaur
  2880 | D:4      | Reached skill level 5 in Fighting
  2880 | D:4      | Reached skill level 5 in Armour
  2880 | D:4      | Reached skill level 5 in Shields
  2880 | D:4      | Reached XP level 6. HP: 32/56 MP: 5/5
  2908 | D:4      | Found a shadowy altar of Dithmenos.
  2983 | D:4      | Found a sparkling altar of Nemelex Xobeh.
  3021 | D:4      | Found Jethufan's Distillery.
  3034 | D:4      | Bought a potion of curing for 33 gold pieces
  3105 | D:4      | Reached * piety under Zin
  3178 | D:4      | Found Fymnev's Armour Shoppe.
  3182 | D:4      | Found a glowing drain.
  3219 | Sewer    | Entered a sewer
  3280 | Sewer    | Reached XP level 7. HP: 57/61 MP: 6/6
  3579 | D:4      | Bought a +0 hat for 52 gold pieces
  3613 | D:4      | Reached skill level 6 in Fighting
  3639 | D:4      | Found Ydaber's Assorted Antiques.
  3799 | D:4      | Found Suah's Armour Emporium.
  3950 | D:4      | Reached XP level 8. HP: 63/70 MP: 7/7
  4204 | D:5      | Entered Level 5 of the Dungeon
  4266 | D:5      | Found Heifimiz's Armour Boutique.
  4287 | D:5      | Reached skill level 1 in Invocations
  5025 | D:5      | Got a crystal spear
  5026 | D:5      | Identified the +4 spear of Doom {pain, MR+} (You found it
                  | on level 5 of the Dungeon)
  5045 | D:5      | Found a staircase to the Ecumenical Temple.
  5484 | D:6      | Found a runed translucent door.
  5485 | D:6      | Noticed Protee's ghost (novice GnSk)
  5670 | D:6      | Reached ** piety under Zin
  5717 | D:6      | Reached skill level 7 in Fighting
  5742 | D:6      | Reached XP level 9. HP: 35/79 MP: 8/10
  6715 | D:7      | Found an ancient bone altar of Kikubaaqudgha.
  6832 | D:7      | Reached *** piety under Zin
  6929 | D:7      | Found a runed translucent door.
  6930 | D:7      | Found a runed translucent door.
  7153 | D:7      | Reached skill level 10 in Long Blades
  7703 | D:7      | Found Giuso's Gadget Shop.
  7959 | Temple   | Entered the Ecumenical Temple
  8204 | D:8      | Noticed a two-headed ogre
  8235 | D:8      | HP: 3/81 [two-headed ogre/+0 giant club (3)]
  8246 | D:8      | HP: 3/81 [something (2)]
  8634 | D:8      | Noticed Gastronok
  8775 | D:8      | Noticed a death yak
  8797 | D:8      | Noticed a death yak
  8801 | D:8      | Noticed a death yak
  9168 | D:7      | Killed a death yak
  9168 | D:7      | Reached skill level 8 in Fighting
  9168 | D:7      | Reached XP level 10. HP: 28/88 MP: 12/12
  9452 | D:7      | Killed a death yak
 10222 | D:8      | Found a staircase to the Lair.
 10388 | D:9      | Reached skill level 9 in Fighting
 10659 | D:9      | Got a pair of smoking gloves
 10665 | D:9      | Identified the cursed +0 pair of gloves of Zin's Favour
                  | {rCorr Int-2 Slay+3} (You found it on level 9 of the
                  | Dungeon)
 10952 | D:9      | Reached skill level 5 in Invocations
 11087 | D:9      | Found Dugeup's General Store.
 11095 | D:9      | Bought an uncursed ring of poison resistance for 200 gold
                  | pieces
 11095 | D:9      | Bought a scroll of teleportation for 30 gold pieces
 11794 | D:10     | Entered Level 10 of the Dungeon
 11857 | D:10     | Found a staircase to the Orcish Mines.
 11871 | D:10     | Reached XP level 11. HP: 77/99 MP: 14/14
 11879 | D:10     | Reached **** piety under Zin
 12077 | D:10     | Reached skill level 10 in Fighting
 12608 | D:10     | Killed an unseen horror
 12718 | D:10     | Noticed a deep elf mage
 12734 | D:10     | Found a large runed translucent door.
 12735 | D:10     | Found a large runed translucent door.
 12883 | D:10     | Killed a deep elf mage
 13108 | D:10     | Found a blossoming altar of Fedhas.
 13108 | D:10     | Noticed a yaktaur captain
 13116 | D:10     | Killed a yaktaur captain
 13136 | D:10     | Found an ancient bone altar of Kikubaaqudgha.
 13136 | D:10     | Noticed a flayed ghost
 13152 | D:10     | Killed a flayed ghost
 13285 | Lair:1   | Entered Level 1 of the Lair of Beasts
 13303 | Lair:1   | Reached skill level 11 in Fighting
 13402 | Lair:1   | Found an ancient bone altar of Kikubaaqudgha.
 13612 | Lair:1   | Noticed an eight-headed hydra
 13687 | Lair:1   | HP: 3/102 [eight-headed hydra (5)]
 13687 | Lair:1   | HP: 1/102 [eight-headed hydra (2)]
 13692 | Lair:1   | Killed an eight-headed hydra
 13692 | Lair:1   | Reached skill level 10 in Armour
 13692 | Lair:1   | Reached skill level 10 in Shields
 13947 | D:8      | Noticed Grum
 13978 | D:8      | Killed Grum
 14154 | D:8      | Noticed a centaur warrior
 14159 | D:8      | Killed an unseen horror
 14513 | D:7      | Killed a death yak
 14513 | D:7      | Reached XP level 12. HP: 110/110 MP: 16/16
 14538 | D:8      | Killed a two-headed ogre
 14563 | D:8      | Killed a centaur warrior
 14895 | D:8      | Reached skill level 12 in Fighting
 15884 | Lair:2   | Reached ***** piety under Zin
 15999 | Lair:2   | Noticed Erica
 16031 | Lair:2   | Killed Erica
 16367 | Lair:2   | Noticed a six-headed hydra
 16374 | Lair:2   | Killed a three-headed hydra
 16507 | Lair:3   | Noticed a seven-headed hydra
 16523 | Lair:2   | Killed a one-headed hydra
 16845 | Lair:3   | Reached skill level 13 in Fighting
 16974 | Lair:3   | Found a staircase to the Swamp.
 17189 | Lair:3   | Reached XP level 13. HP: 88/122 MP: 18/18
 17215 | Lair:3   | Found a hole to the Spider Nest.
 17775 | Lair:3   | Found a runed translucent gate.
 17775 | Lair:3   | Found a runed translucent gate.
 17775 | Lair:3   | Found a runed translucent gate.
 17775 | Lair:3   | Noticed toffzen's ghost (journeyman TeAE)
 18795 | Lair:5   | Reached skill level 14 in Fighting
 19521 | Lair:5   | Got a polished scimitar
 19522 | Lair:5   | Identified the +10 scimitar "Voix" {slice, +Rage rF+ Int+3}
                  | (You found it on level 5 of the Lair of Beasts)
 20130 | Lair:6   | Entered Level 6 of the Lair of Beasts
 20380 | Lair:6   | Found a viscous altar of Jiyva.
 20380 | Lair:6   | Found a staircase to the Slime Pits.
 20492 | Lair:6   | Found a runed translucent door.
 20497 | Lair:6   | Noticed ohad's ghost (journeyman GnIE)
 20547 | Lair:6   | Reached skill level 15 in Fighting
 21008 | Lair:6   | Reached XP level 14. HP: 123/135 MP: 20/20
 21997 | Lair:6   | Found a burning altar of Makhleb.
 22828 | D:8      | Killed Gastronok
 22901 | D:8      | Noticed Maurice
 22910 | D:8      | Killed Maurice
 22910 | D:8      | Reached skill level 10 in Invocations
 22930 | D:8      | You fall into a shaft and drop 1 floor!
 23409 | D:6      | Killed Protee's ghost
 23626 | D:9      | Bought a potion of curing for 30 gold pieces
 23626 | D:9      | Bought a potion of heal wounds for 50 gold pieces
 23859 | Orc:1    | Entered Level 1 of the Orcish Mines
 24319 | D:10     | Reached skill level 16 in Fighting
 24770 | Orc:1    | Reached ****** piety under Zin
 25090 | Orc:1    | Found a roughly hewn altar of Beogh.
 25463 | Orc:2    | Entered Level 2 of the Orcish Mines
 25944 | Orc:2    | Reached skill level 1 in Dodging
 25976 | Orc:2    | Paralysed by an orc sorcerer for 6 turns
 26014 | Orc:2    | Found a roughly hewn altar of Beogh.
 26462 | Orc:2    | Found a staircase to the Elven Halls.
 27848 | Orc:2    | Found Ohuef's Assorted Antiques.
 27848 | Orc:2    | Found Icuog's Armour Boutique.
 27973 | Orc:2    | Found Kohoiloc's General Store.
 27973 | Orc:2    | Found Wuvvypim's Armour Boutique.
 28006 | Orc:2    | Bought a potion of heal wounds for 150 gold pieces
 28008 | Orc:2    | Bought 2 potions of resistance for 340 gold pieces
 28008 | Orc:2    | Bought a scroll of blinking for 127 gold pieces
 28008 | Orc:2    | Bought a scroll of teleportation for 51 gold pieces
 28246 | D:4      | Bought the +1 ring mail of Tomorrow {Str+5 SInv} for 399
                  | gold pieces
 28368 | D:11     | Reached XP level 15. HP: 146/146 MP: 21/21
 28573 | D:11     | Reached skill level 17 in Fighting
 28602 | D:11     | Got a pitted leather armour
 28613 | D:11     | Identified the cursed +0 leather armour "Hero's Friend"
                  | {+Blink rF+ MP+9} (You found it on level 11 of the Dungeon)
 28704 | D:11     | Noticed Sonja
 28718 | D:11     | Killed Sonja
 28718 | D:11     | Reached skill level 1 in Evocations
 28865 | D:11     | Reached skill level 1 in Crossbows
 29114 | D:11     | Found Riluoq's Book Emporium.
 30008 | D:12     | Got an ichor-stained halberd
 30009 | D:12     | Identified the +6 halberd of Seco {pain, rC+ MR++ Dex+2}
                  | (You found it on level 12 of the Dungeon)
 30677 | D:13     | Found a gate to the Vaults.
 31534 | D:14     | Noticed Josephine
 32017 | D:14     | Got a warped ivory ring
 32019 | D:14     | Identified the ring "Ninafiu" {Ice MP+9 Dex+3 Slay+2} (You
                  | found it on level 14 of the Dungeon)
 32110 | D:14     | Got a scorched pewter ring
 32112 | D:14     | Identified the ring of Kisefyre {Wiz Slay+4} (You found it
                  | on level 14 of the Dungeon)
 32502 | D:14     | Reached skill level 5 in Crossbows
 32512 | D:14     | Reached skill level 5 in Dodging
 32783 | D:14     | Zin protects you from harm!
 32784 | D:14     | HP: 6/149 [catoblepas/blast of calcifying dust (3)]
 32786 | D:14     | Zin protects you from harm!
 33816 | D:14     | Killed Josephine
 33816 | D:14     | Reached XP level 16. HP: 148/157 MP: 23/23
 34001 | D:15     | Entered Level 15 of the Dungeon
 34039 | D:15     | Noticed Azrael
 34055 | D:15     | Killed Azrael
 34436 | D:15     | Reached skill level 18 in Fighting
 34588 | D:15     | Found a staircase to the Depths.
 35140 | Swamp:1  | Entered Level 1 of the Swamp
 35330 | Swamp:1  | Found a transporter.
 35330 | Swamp:1  | Noticed a tentacled monstrosity
 35970 | Swamp:1  | Noticed a thorn hunter
 35976 | Swamp:1  | Found a transporter.
 36492 | Swamp:2  | Noticed Jorgrun
 36503 | Swamp:2  | Killed Jorgrun
 36721 | Swamp:2  | Noticed Donald
 36735 | Swamp:2  | Killed Donald
 36841 | Swamp:2  | Noticed Frances
 36853 | Swamp:2  | Killed Frances
 38686 | Swamp:3  | Noticed Aizul
 38692 | Swamp:3  | Killed Aizul
 38700 | Swamp:3  | Reached skill level 5 in Evocations
 38744 | Swamp:3  | Reached XP level 17. HP: 145/166 MP: 24/24
 38847 | Swamp:3  | Found a transporter.
 38922 | Swamp:3  | Noticed Mara
 38941 | Swamp:3  | Noticed mortelune's illusion
 39419 | Swamp:3  | Found a transporter.
 39478 | Swamp:3  | Noticed mortelune's illusion
 39482 | Swamp:3  | Killed Mara
 39773 | Swamp:3  | Reached skill level 15 in Armour
 39804 | Swamp:3  | Got a twisted plate armour
 39815 | Swamp:3  | Identified the +5 plate armour "Oneed" {rN+ MR+ Regen+}
                  | (You found it on level 3 of the Swamp)
 39989 | Swamp:4  | Entered Level 4 of the Swamp
 40032 | Swamp:4  | Reached skill level 19 in Fighting
 40159 | Swamp:4  | Reached skill level 15 in Shields
 40583 | Swamp:4  | Noticed a tentacled monstrosity
 40594 | Swamp:4  | Killed a tentacled monstrosity
 40866 | Swamp:4  | Got a decaying rune of Zot
 40888 | Swamp:4  | Noticed a tentacled monstrosity
 40916 | Swamp:4  | Killed a tentacled monstrosity
 40916 | Swamp:4  | Reached skill level 10 in Crossbows
 41728 | Swamp:3  | Got a vibrating marble ring
 41730 | Swamp:3  | Identified the ring "Xes Ucim" {+Fly rPois Str+3} (You
                  | found it on level 3 of the Swamp)
 41741 | Swamp:3  | Got a faintly glowing pewter ring
 41743 | Swamp:3  | Identified the ring "Tiblos" {rF+ Int+5} (You found it on
                  | level 3 of the Swamp)
 41747 | Swamp:3  | Got a polished chain mail
 41748 | Swamp:3  | Identified the cursed +0 chain mail "Vaokh" {rC++ rCorr}
                  | (You found it on level 3 of the Swamp)
 42045 | Swamp:1  | Killed a tentacled monstrosity
 42101 | Swamp:1  | Identified a +2 pair of boots of running (You found it on
                  | level 1 of the Swamp)
 42234 | Lair:3   | Killed toffzen's ghost
 42324 | Spider:1 | Entered Level 1 of the Spider Nest
 42482 | Spider:1 | Noticed Roxanne
 42492 | Spider:1 | Found a frozen archway.
 42503 | IceCv    | Entered an ice cave
 42594 | IceCv    | Reached XP level 18. HP: 158/178 MP: 26/26
 42622 | IceCv    | Got ichor-stained ice dragon scales
 42633 | IceCv    | Identified the +5 ice dragon scales of the Beekeeper {rF-
                  | rC++ rCorr Str-4 Slay+2 SInv} (You found it in an ice cave)
 43249 | IceCv    | Noticed an Ice Fiend
 43892 | IceCv    | Killed an Ice Fiend
 43934 | IceCv    | Got a steaming ruby amulet
 43935 | IceCv    | Identified the amulet of Soeppiafoc {+Rage rF+ Dex+6} (You
                  | found it in an ice cave)
 44499 | Spider:1 | Killed Roxanne
 44969 | Spider:2 | Reached skill level 20 in Fighting
 45587 | Spider:3 | Noticed Arachne
 45604 | Spider:3 | Killed Arachne
 46853 | Spider:4 | Entered Level 4 of the Spider Nest
 46995 | Spider:4 | Learned a level 2 spell: Blink
 47049 | Spider:4 | Noticed Agnes
 47058 | Spider:4 | Killed Agnes
 47070 | Spider:4 | Identified the Incunabulum of the Evil Birds
 47378 | Spider:4 | Noticed Bai Suzhen
 47999 | Spider:4 | Killed Bai Suzhen
 47999 | Spider:4 | Reached skill level 1 in Translocations
 48662 | Spider:4 | Reached XP level 19. HP: 183/187 MP: 27/27
 48987 | Spider:4 | Reached skill level 10 in Dodging
 49232 | Spider:4 | Got a gossamer rune of Zot
 49765 | Vaults:1 | Entered Level 1 of the Vaults
 50003 | Vaults:1 | Paralysed by a sphinx for 5 turns
 50538 | Vaults:1 | Found a portal to a secret trove of treasure.
 50625 | Vaults:1 | Reached skill level 21 in Fighting
 52358 | Vaults:2 | Reached XP level 20. HP: 180/198 MP: 29/29
 53304 | Vaults:3 | Found a staircase to the Crypt.
 54398 | Vaults:3 | Reached skill level 22 in Fighting
 55475 | Vaults:4 | Noticed Frederick
 55487 | Vaults:4 | Killed Frederick
 55749 | Vaults:4 | Paralysed by a great orb of eyes for 2 turns
 55815 | Vaults:4 | Reached skill level 5 in Translocations
 55878 | Vaults:4 | Reached XP level 21. HP: 148/209 MP: 30/30
 55928 | Vaults:4 | Found Ziebluop's Weapon Emporium.
 56324 | Vaults:4 | Noticed Boris
 56334 | Vaults:4 | Killed Boris
 56405 | Vaults:3 | Reached skill level 10 in Evocations
 56949 | Vaults:4 | Identified a scroll of acquirement
 56957 | Vaults:4 | Got a jewelled hat
 56968 | Vaults:4 | Identified the +1 hat of Tazxem {rCorr Dex+4 Stlth+} (You
                  | acquired it on level 4 of the Vaults)
 57136 | Vaults:4 | Found a runed translucent door.
 57484 | Vaults:4 | Noticed Waros's ghost (veteran GrEE)
 57533 | Vaults:4 | Killed Waros's ghost
 57551 | Vaults:4 | Identified Sif Muna's Papyrus of the Glacier and the
                  | Compass
 57885 | D:4      | Bought a potion of curing for 33 gold pieces
 57885 | D:4      | Bought a potion of berserk rage for 55 gold pieces
 57885 | D:4      | Bought 2 potions of curing for 66 gold pieces
 57885 | D:4      | Bought a potion of invisibility for 88 gold pieces
 57885 | D:4      | Bought a potion of curing for 33 gold pieces
 57887 | D:4      | Bought a potion of heal wounds for 55 gold pieces
 57929 | D:4      | Bought a scroll of blinking for 157 gold pieces
 58143 | Depths:1 | Entered Level 1 of the Depths
 58200 | Depths:1 | Found a gateway to Hell.
 58493 | Depths:1 | Noticed Asterion
 58517 | Depths:1 | Killed Asterion
 58853 | Depths:1 | Found a one-way gate leading to the halls of Pandemonium.
 59535 | Depths:2 | You fall into a shaft and drop 1 floor!
 59837 | Depths:2 | Reached skill level 23 in Fighting
 60111 | Depths:2 | Found a one-way gate to the infinite horrors of the Abyss.
 60541 | Depths:2 | Identified the Volume of Icy Evil Secrets
 60562 | Depths:2 | Got a fine shortbow
 60563 | Depths:2 | Identified the +10 shortbow "Iwaeg" {venom, rElec rC+
                  | Int+4} (You found it on level 2 of the Depths)
 60640 | Depths:2 | Found a gateway to a ziggurat.
 60711 | Depths:2 | Identified the +8 mace of Saocikk {venom, *Contam rF+ rN+
                  | SInv}
 60722 | Depths:2 | Reached XP level 22. HP: 185/220 MP: 32/32
 61252 | Depths:3 | Reached skill level 15 in Invocations
 62210 | Depths:3 | Identified the +8 quarterstaff "Egiacs" {venom, *Rage Int+4
                  | Dex+3 SInv}
 62460 | Depths:3 | Paralysed by a floating eye for 2 turns
 62624 | Depths:3 | Found the +3 Elemental Staff {rElec rF++ rC++ MR++ AC+5}
 62626 | Depths:3 | Noticed a juggernaut
 62638 | Depths:3 | Killed a juggernaut
 63181 | Depths:4 | Reached skill level 1 in Staves
 63276 | Depths:4 | Noticed Boris
 63299 | Depths:4 | Killed Boris
 63464 | Depths:4 | Found Ironezao's Pet Rocks.
 64010 | Depths:4 | Reached skill level 5 in Staves
 64620 | Depths:4 | Found a runed translucent door.
 64626 | Depths:4 | Reached skill level 24 in Fighting
 64793 | Depths:4 | Found a runed translucent door.
 64793 | Depths:4 | Noticed an ancient lich
 64801 | Depths:4 | Reached XP level 23. HP: 202/229 MP: 33/33
 64868 | Depths:4 | Cast into level 5 of the Abyss (an ancient lich)
 64868 | Abyss:5  | Entered Level 5 of the Abyss
 64868 | Abyss:5  | Entered Level 5 of the Abyss
 64950 | Depths:4 | Escaped the Abyss
 64954 | Depths:4 | Killed an ancient lich
 65038 | Depths:5 | Entered Level 5 of the Depths
 65745 | Depths:5 | Noticed an ancient lich
 65779 | Depths:5 | Paralysed by a vampire knight for 4 turns
 66397 | Depths:5 | Identified Lemm's Catalogue of Shifting Fire
 66448 | Depths:5 | Killed an ancient lich
 66510 | Depths:5 | Found Vukly's Jewellery Boutique.
 66510 | Depths:5 | Found Onugeew's Gadget Shoppe.
 66511 | Depths:5 | Found Naism's Jewellery Boutique.
 66519 | Depths:5 | Bought a wand of flame (22) for 120 gold pieces
 66519 | Depths:5 | Bought a wand of acid (7) for 220 gold pieces
 66602 | Depths:5 | Found a gate to the Realm of Zot.
 67223 | Elf:1    | Entered Level 1 of the Elven Halls
 67615 | Elf:1    | Found a radiant altar of Vehumet.
 68052 | Elf:1    | Found Doukhena's Book Boutique.
 69129 | Elf:2    | Found a huge runed translucent gate.
 69129 | Elf:2    | Found a huge runed translucent gate.
 69129 | Elf:2    | Found a huge runed translucent gate.
 69134 | Elf:2    | Found a huge runed translucent gate.
 69135 | Elf:2    | Found a huge runed translucent gate.
 69545 | Elf:2    | Reached skill level 10 in Staves
 69913 | Elf:2    | Learned a level 4 spell: Passage of Golubria
 69958 | Elf:3    | Entered Level 3 of the Elven Halls
 70001 | Elf:3    | Found Myukosho's Distillery.
 70007 | Elf:3    | Bought a potion of agility for 60 gold pieces
 70007 | Elf:3    | Bought a potion of cancellation for 120 gold pieces
 70007 | Elf:3    | Bought a potion of heal wounds for 75 gold pieces
 70007 | Elf:3    | Bought a potion of haste for 150 gold pieces
 70053 | Elf:3    | Reached XP level 24. HP: 229/240 MP: 33/33
 70661 | Elf:3    | Reached skill level 25 in Fighting
 71721 | Elf:3    | Identified the ring of Zuthay {rF+ rN+ Int+4 Dex-2}
 71722 | Elf:3    | Cast into level 2 of the Abyss (a deep elf demonologist)
 71722 | Abyss:2  | Found a bloodstained altar of Trog.
 71946 | Abyss:3  | Got a pair of crude boots
 71947 | Abyss:3  | Identified the +1 pair of boots "Yjuif" {*Drain rF+ rC+
                  | Stlth+} (You found it on level 3 of the Abyss)
 71952 | Abyss:3  | Learned a level 1 spell: Apportation
 72165 | Abyss:3  | Paralysed by accursed screaming for 1 turns
 72175 | Abyss:3  | Paralysed by accursed screaming for 1 turns
 72184 | Abyss:3  | Paralysed by accursed screaming for 1 turns
 72348 | Abyss:3  | Found a corrupted altar of Lugonu.
 72378 | Abyss:3  | Paralysed by accursed screaming for 2 turns
 72380 | Abyss:3  | HP: 3/243 [starcursed mass/accursed screaming (12)]
 72380 | Abyss:3  | Slain by a starcursed mass

Levels and vault maps discovered:
D:1:      minmay_arrival_doors, layout_basic, hangedman_decor_push
D:2:      layout_rooms, lemuel_crystal_altar, first_ration,
          chequers_ecumenical_altar_simple_redux, cheibriados_altar_1,
          uniq_natasha
D:3:      layout_rooms, xom_teletrap_fun, minmay_quadrilaterals, uniq_sigmund,
          uniq_grinder
D:4:      layout_loops_cross, lemuel_round_altar, serial_shops,
          nicolae_shop_crystal, shop_statue, nicolae_shop_stone, shop,
          nicolae_shop_crystal, portal_sewer_entry_f,
          nicolae_dithmenos_through_a_glass_darkly
D:5:      layout_cave_pods, minmay_temple_entry_waves, serial_shops, shop
D:6:      layout_gridville, ebering_ghost_reflecting_pool,
          minmay_misc_feat_diagonals
D:7:      lemuel_insect_pit, layout_gridville, nicolae_overflow_crystal_walls,
          serial_shops, shop
D:8:      minmay_ornate_pinched, layout_layer_cave, dpeg_lair_monsters,
          uniq_maurice, uniq_gastronok, uniq_grum
D:9:      layout_cave_pods, serial_shops, shop
D:10:     layout_loops_ring, david_orc_3, hangedman_pestilent_swarm,
          minmay_misc_feat_columns, jmf_multi_god_temple2
D:11:     layout_loops_corners, serial_shops, shop_statue, uniq_sonja
D:12:     layout_long_grid
D:13:     layout_roguey, lightli_vaults_fourway_checkpoint
D:14:     minmay_spiral_squares, layout_rooms, chequers_serial_rivers_large_b,
          uniq_josephine
D:15:     grunt_enter_depths_giant_problem, layout_long_grid,
          minmay_misc_feat_nine_boxes, uniq_azrael
Temple:   compressed_dpeg_circular_temple
Lair:1:   layout_long_grid, basic_altar, wad_woods_02
Lair:2:   layout_roguey, uniq_erica
Lair:3:   layout_cave_pods, minmay_swamp_entry_swarm,
          nicolae_spider_entry_tight_spaces, ebering_ghost_rock_garden,
          grunt_megastairs_5, infiniplex_staircase_pool_2
Lair:4:   layout_hall_layers
Lair:5:   layout_small_grid, minmay_lair_oklob_chamber, lemuel_fruit_tree
Lair:6:   minmay_lair_end_enchanted_forest, layout_regular_city, slime_altar_1,
          basic_altar, ebering_ghost_reflecting_pool, serial_bayou_shore_b,
          grunt_megastairs_1
Swamp:1:  gammafunk_the_bubble [the_bubble_gammafunk_split], layout_falls_marsh,
          hangedman_swamp_blocks
Swamp:2:  cheibrodos_swamp_heart_of_darkness, layout_basic_swamp,
          nicolae_swamp_treefoil, swamp_pool1, uniq_donald, uniq_jorgrun,
          uniq_frances
Swamp:3:  gammafunk_its_a_trap, layout_basic_swamp, evilmike_swamp_ruin_house_4,
          uniq_mara, uniq_aizul
Swamp:4:  swamp_vile, layout_basic_swamp, swamp_pool4
Spider:1: layout_spider_delve, portal_ice_cave_entry_pillars_four, uniq_roxanne
Spider:2: layout_spider_delve
Spider:3: layout_spider_delve, drop_trap, uniq_arachne
Spider:4: spider_rune_water, uniq_agnes, uniq_bai_suzhen
Orc:1:    layout_diamond_mine, basic_altar
Orc:2:    st_orc_pillars, layout_caves, mines2_david
Elf:1:    minmay_elf_arrival_circle, layout_geoelf_grid, basic_altar,
          serial_shops, nicolae_shop_behind_doors, minivault_28
Elf:2:    layout_onion_city, guppyfry_elf_castle
Elf:3:    minmay_elf_hall_hex, layout_gridlike, serial_shops, shop_fountains,
          st_stairs_3, drop_trap
Vaults:1: v_misc_8, v_rooms_5, vaults_room_grid, serial_ice_g,
          nicolae_vaults_little_squares_1, v_misc_24, layout_vaults_quadrants,
          nicolae_trove_entry_diagonal
Vaults:2: v_misc_29, hangedman_vaults_nails, v_misc_5,
          vaults_mumra_minichess_inversion, nicolae_vaults_theta, v_pattern_3,
          v_alt_pattern_5, v_alt_pattern_3, ontoclasm_vaults_bender, v_misc_22,
          ontoclasm_vaults_ring_small, st_squares, nicolae_vaults_specimen_jars,
          layout_vaults_ring
Vaults:3: dpeg_vaults_monster_row, minmay_crypt_entry_simple_walls,
          hangedman_vaults_slice, hangedman_vaults_stream, vaults_dpeg_hooks,
          vaults_room_large_hall, serial_ice_b, nicolae_vaults_shelves_hall,
          hangedman_vaults_pinch, grunt_vaults_hallway_short,
          ontoclasm_vaults_decontamination, ontoclasm_vaults_chip,
          ontoclasm_vaults_misaligned, vaults_room_corners, vaults_dpeg_ring,
          layout_vaults_chaotic_city
Vaults:4: ebering_vaults_ghost_reflecting_pool, v_misc_23, vaults_mumra_chevron,
          vaults_room_hallway, vaults_dpeg_spiral, hangedman_vaults_stagger,
          nicolae_vaults_disjoint_gnomons, v_misc_23,
          vaults_room_stairs_pillars, nicolae_vaults_display_case,
          grunt_vaults_twisty, layout_vaults_big_cross, serial_shops, shop,
          uniq_frederick, uniq_boris
Depths:1: layout_honeycomb, grunt_pan_entry_sceptre, hell_entry,
          lemuel_flames_and_gold, uniq_asterion
Depths:2: minmay_the_grid_triangle_9x9_rhombus_thin_mashed
          [minmay_the_grid_triangle_9x9_negative_grid,
          minmay_the_grid_triangle_9x9_prize_insulated,
          minmay_the_grid_triangle_9x9_warning,
          minmay_the_grid_triangle_9x9_longest], layout_gridlike,
          enter_ziggurat_c, abyss_entry, lightli_too_deep,
          minmay_staircase_windowed_large
Depths:3: kennysheep_bubble_arena, layout_cave_pools, pf_hell_entry_tar_spiral,
          rand_demon_pan_entry_3
Depths:4: cheibrodos_witchhunters_guild, layout_cave_pools,
          serial_sigils_hangedman_quiver, abyss_entry, grunt_pan_entry_zigzag,
          pf_coc_iceberg, guppyfry_shop_earth
Depths:5: evilmike_zot_entry_round, layout_cave_pools,
          hangedman_abyss_entry_splay, special_room [special_room_magic_class],
          grunt_decor_resistance, pf_dread_powers_of_hell, minmay_shop_grove
Abyss:3:  evilmike_abyss_exit_5

Skill      XL: |  1  2  3  4  5  6  7  8  9 10 11 12 13 14 15 16 17 18 19 20 21 22 23 24 |
---------------+-------------------------------------------------------------------------+-----
Long Blades    | 3 4 5 6 7 9 10 11 13 14 | 14.0
Fighting       | 4 5 6 7 8 9 11 13 15 16 17 18 19 20 21 22 23 24 25 | 25.3
Armour         | 4 5 6 7 8 9 10 11 12 13 14 15 16 17 18 19 | 19.6
Shields        | 4 5 6 7 8 9 10 11 12 13 14 15 16 17 18 | 18.3
Invocations    | 2 4 5 6 8 9 10 11 12 13 14 15 | 15.1
Dodging        | 3 5 6 8 9 10 12 13 | 13.3
Evocations     | 3 5 6 7 8 9 10 11 13 | 13.8
Crossbows      | 5 8 10 | 10.0
Translocations | 1 3 5 6 7 8 |  8.9
Staves         | 5 10 11 | 11.8

Action                   |  1- 3 |  4- 6 |  7- 9 | 10-12 | 13-15 | 16-18 | 19-21 | 22-24 || total
-------------------------+-------+-------+-------+-------+-------+-------+-------+-------++-------
Melee: Long sword        |   148 |   206 |   505 |   238 |       |       |       |       ||  1097
       Headbutt          |    18 |    22 |   111 |   143 |   280 |   329 |   528 |   501 ||  1932
       Scimitar          |       |       |       |   455 |  1306 |  1228 |  1359 |   586 ||  4934
       Morningstar       |       |       |       |     3 |       |       |       |       ||     3
       Staff             |       |       |       |       |       |       |       |   695 ||   695
 Fire: Hand crossbow     |       |       |       |       |    46 |   260 |    12 |   163 ||   481
Throw: Throwing net      |       |       |       |     3 |     1 |       |       |       ||     4
Invok: Recite            |       |       |     3 |     5 |    12 |     7 |     8 |     6 ||    41
       Vitalisation      |       |       |     3 |     4 |    18 |    17 |     8 |     9 ||    59
       Sanctuary         |       |       |       |       |     2 |     1 |     1 |     5 ||     9
 Abil: Evoke Berserk Rag |       |       |       |       |       |     1 |     5 |       ||     6
Evoke: Wand              |       |       |     1 |     4 |     2 |     5 |     1 |     2 ||    15
  Use: Scroll            |       |       |    15 |     6 |    18 |    11 |    10 |    11 ||    71
       Potion            |       |       |     4 |     3 |       |     4 |       |    14 ||    25
 Stab: Distracted        |       |       |     1 |       |     1 |     2 |       |       ||     4
       Held in net/web   |       |       |       |     2 |       |       |       |       ||     2
       Paralysed         |       |       |       |       |     5 |       |       |       ||     5
       Confused          |       |       |       |       |     2 |     2 |     5 |       ||     9
       Invisible         |       |       |       |       |     1 |       |     1 |       ||     2
       Petrified         |       |       |       |       |     1 |       |       |     1 ||     2
  Eat: Chunk             |     2 |     4 |    16 |    18 |    29 |    22 |     7 |       ||    98
       Ration            |       |     1 |     1 |     2 |     7 |     8 |    10 |    11 ||    40
Armor: Scale mail        |    25 |       |       |       |       |       |       |       ||    25
       Plate armour      |   120 |   150 |   225 |   365 |   386 |   355 |       |       ||  1601
       Ring mail         |       |       |       |       |    80 |       |       |       ||    80
       Swamp dragon scal |       |       |       |       |       |     3 |       |       ||     3
       Chain mail        |       |       |       |       |       |     5 |       |       ||     5
       Ice dragon scales |       |       |       |       |       |   305 |   396 |   414 ||  1115
Dodge: Dodged            |    29 |    39 |    73 |   109 |   266 |   474 |   577 |   607 ||  2174
Block: Shield            |   124 |   151 |   334 |   458 |   923 |  1200 |  1092 |   995 ||  5277
       Reflection        |       |       |     9 |    14 |    48 |    22 |       |    61 ||   154
       Rpst.: Long sword |    10 |    14 |    23 |     5 |       |       |       |       ||    52
       Scimitar          |       |       |       |    13 |    53 |    81 |    95 |    38 ||   280

Table legend:
 A = Non-vault XP
 B = Vault XP
 C = Vault XP percentage of total XP
 D = Non-vault monster count
 E = Vault monster count
 F = Vault count percentage of total count
                 A         B        C        D         E       F
            +---------+---------+-------+---------+---------+-------
      Total |  602332 |  474370 |  44.1 |    1504 |     777 |  34.1
            +---------+---------+-------+---------+---------+-------
        D:1 |     114 |       0 |   0.0 |      36 |       0 |   0.0
        D:2 |     126 |      35 |  21.7 |      24 |       1 |   4.0
        D:3 |      43 |       0 |   0.0 |       4 |       0 |   0.0
        D:4 |     596 |      14 |   2.3 |      21 |       6 |  22.2
        D:5 |     839 |       0 |   0.0 |      28 |       0 |   0.0
        D:6 |    1144 |     601 |  34.4 |      21 |       1 |   4.5
        D:7 |    1449 |    2995 |  67.4 |      29 |      15 |  34.1
        D:8 |    2802 |    6024 |  68.3 |      21 |      21 |  50.0
        D:9 |    3294 |     397 |  10.8 |      44 |       1 |   2.2
       D:10 |    3528 |    3615 |  50.6 |      30 |      12 |  28.6
       D:11 |    7803 |     795 |   9.2 |      43 |       1 |   2.3
       D:12 |    6611 |     963 |  12.7 |      42 |       1 |   2.3
       D:13 |    5295 |    3484 |  39.7 |      26 |       9 |  25.7
       D:14 |    9503 |   17492 |  64.8 |      38 |      49 |  56.3
       D:15 |    9896 |    3902 |  28.3 |      24 |       7 |  22.6
     Lair:1 |    2554 |     673 |  20.9 |       9 |       3 |  25.0
     Lair:2 |    4122 |     934 |  18.5 |      13 |       1 |   7.1
     Lair:3 |    6745 |    3676 |  35.3 |      35 |      13 |  27.1
     Lair:4 |    3074 |       0 |   0.0 |      13 |       0 |   0.0
     Lair:5 |    8286 |     912 |   9.9 |      28 |       4 |  12.5
     Lair:6 |   13449 |    8379 |  38.4 |      49 |      47 |  49.0
    Swamp:1 |   14454 |   11164 |  43.6 |      39 |      14 |  26.4
    Swamp:2 |   11583 |   12445 |  51.8 |      35 |      10 |  22.2
    Swamp:3 |   16776 |   13500 |  44.6 |      46 |       8 |  14.8
    Swamp:4 |   12308 |   22372 |  64.5 |      22 |      29 |  56.9
   Spider:1 |   16987 |    1904 |  10.1 |      37 |       1 |   2.6
   Spider:2 |    9520 |       0 |   0.0 |      28 |       0 |   0.0
   Spider:3 |   17238 |    3522 |  17.0 |      44 |       1 |   2.2
   Spider:4 |   19863 |   31118 |  61.0 |      43 |      46 |  51.7
      Orc:1 |    4545 |       0 |   0.0 |      46 |       0 |   0.0
      Orc:2 |    8007 |    9623 |  54.6 |      55 |      66 |  54.5
      Elf:1 |   18422 |    8607 |  31.8 |      27 |      16 |  37.2
      Elf:2 |   10451 |   28781 |  73.4 |      19 |      36 |  65.5
      Elf:3 |   21830 |   43055 |  66.4 |      30 |      31 |  50.8
   Vaults:1 |   32777 |    6458 |  16.5 |      55 |      14 |  20.3
   Vaults:2 |   42870 |   25433 |  37.2 |      81 |      39 |  32.5
   Vaults:3 |   37654 |   18886 |  33.4 |      55 |      35 |  38.9
   Vaults:4 |   48893 |   28959 |  37.2 |      67 |      22 |  24.7
   Depths:1 |   17454 |    5648 |  24.4 |      27 |      14 |  34.1
   Depths:2 |   38198 |   16533 |  30.2 |      38 |      14 |  26.9
   Depths:3 |   42372 |   14415 |  25.4 |      59 |       8 |  11.9
   Depths:4 |   38926 |   43473 |  52.8 |      38 |      45 |  54.2
   Depths:5 |   17506 |   47968 |  73.3 |      14 |      38 |  73.1
    Abyss:2 |    2338 |       0 |   0.0 |       7 |       0 |   0.0
    Abyss:3 |   10087 |   12627 |  55.6 |      14 |      13 |  48.1
    Abyss:5 |       0 |    2035 | 100.0 |       0 |       3 | 100.0
      Sewer |       0 |     530 | 100.0 |       0 |      24 | 100.0
      IceCv |       0 |   10423 | 100.0 |       0 |      58 | 100.0
            +---------+---------+-------+---------+---------+-------
